Map: Orbital Shipyard

Players

살살해조 - Winner!

  • Race: Terran Terran
  • League: Silver

Javert

  • Race: Zerg Zerg
  • League: Platinum

VOD

Have the link to the VOD?

Description

Time

  • Played on: Aug. 13, 2015, 12:01 a.m.
  • Length: 14:37
Show
View Real Time Build Order
Export as new Build Order

살살해조 Terran - Winner!

Build Orders: Command Center First (CC), MMM Bio 

Get SALT Encoding   

  12  0:01  SCV  
  13  0:13  SCV  
  14  0:18  Supply Depot  
  14  0:26  SCV  
  15  0:40  SCV  
  16  0:52  SCV  
  17  1:04  SCV  
  17  1:06  Command Center  
  18  1:18  Barracks  
  18  1:19  SCV  
  19  1:27  Refinery  
  19  1:31  SCV  
  20  1:35  Supply Depot  
  20  1:43  SCV  
  21  1:56  SCV  
  22  2:08  Orbital Command  
  22  2:19  Orbital Command  
  22  2:22  Refinery  
  22  2:32  Factory  
  22  2:35  SCV  
  23  2:47  Command Center  
  23  2:50  SCV  
  24  2:52  SCV  
  24  3:00  Marine  
  24  3:04  SCV  
  24  3:05  SCV  
  27  3:13  Refinery  
  27  3:16  SCV  
  27  3:17  SCV, Factory Reactor  
  29  3:22  Barracks  
  29  3:28  SCV  
  29  3:29  SCV  
  31  3:37  Engineering Bay  
  31  3:41  Engineering Bay  
  31  3:47  SCV x2  
  33  3:49  Supply Depot  
  33  3:57  Refinery  
  33  3:59  SCV x2  
  33  4:00  Barracks  
  35  4:03  Hellion x2  
  35  4:05  Barracks Tech Lab  
  39  4:10  Terran Infantry Weapons Level 1  
  39  4:13  Terran Infantry Armor Level 1, Barracks Tech Lab  
  39  4:15  SCV  
  40  4:21  Orbital Command  
  40  4:29  Starport  
  40  4:30  Hellion  
  42  4:34  Hellion  
  42  4:35  SCV  
  42  4:37  SCV  
  46  4:40  Stimpack  
  46  4:43  Combat Shields  
  46  4:49  SCV x3  
  46  4:51  Orbital Command  
  49  4:53  Hellion  
  49  4:55  Hellion  
  49  4:58  Barracks Reactor  
  53  5:09  Marine x2  
  53  5:11  Barracks, Starport Reactor  
  55  5:14  Supply Depot  
  55  5:16  SCV x2  
  55  5:17  SCV  
  58  5:28  SCV x2  
  58  5:31  Armory  
  58  5:34  Supply Depot  
  60  5:36  SCV  
  60  5:38  Supply Depot  
  60  5:40  SCV  
  60  5:41  SCV  
  63  5:48  SCV  
  62  6:09  Missile Turret  
  56  6:12  Missile Turret  
  56  6:17  Missile Turret  
  56  6:18  Missile Turret  
  50  6:21  Missile Turret x2  
  50  6:22  Marine x5  
  55  6:35  Hellion x2, Missile Turret  
  55  6:39  Marine  
  53  6:54  Marine x3  
  47  6:55  Viking  
  53  7:04  Marine  
  53  7:05  Marine  
  55  7:09  Barracks  
  55  7:10  Barracks  
  55  7:11  SCV x3  
  55  7:12  Marine  
  55  7:13  Viking  
  57  7:18  Missile Turret  
  57  7:23  SCV x3  
  59  7:33  Marine  
  58  7:38  Bunker  
  58  7:43  Marine x2  
  60  7:46  Hellion  
  60  7:47  Hellion  
  60  7:50  Missile Turret  
  60  7:51  Marine  
  59  7:59  Barracks Reactor  
  59  8:01  Marine  
  59  8:02  Barracks  
  59  8:03  Barracks Reactor  
  54  8:16  Viking  
  55  8:24  Marine x2  
  54  8:35  Marine x2  
  54  8:36  Terran Infantry Weapons Level 2, Barracks, Terran Infantry Armor Level 2  
  54  8:39  Barracks  
  55  8:41  Marine  
  55  8:45  Marine x2  
  55  8:46  Starport Reactor  
  55  8:53  Marine x3  
  56  8:55  Starport Reactor  
  56  8:59  Marine  
  57  9:02  Marine  
  57  9:03  Bunker, Marine  
  57  9:13  Marine x3  
  60  9:17  Marine  
  60  9:20  Orbital Command  
  61  9:26  Supply Depot  
  61  9:27  Marine x2  
  61  9:31  Marine  
  63  9:35  Barracks Reactor, Medivac x2  
  63  9:37  Barracks Reactor  
  63  9:38  Barracks Reactor  
  66  9:40  Barracks Tech Lab, Marine  
  66  9:44  Marine x2  
  69  9:50  Orbital Command  
  69  10:09  Refinery  
  69  10:15  Missile Turret, Orbital Command  
  49  10:23  Marine x7  
  49  10:24  Marine x2  
  47  10:29  Medivac x2  
  47  10:30  Marine x2  
  53  10:40  Marine x2  
  53  10:41  Marine x3  
  54  10:50  Marine x4  
  54  10:51  Marine x2  
  54  10:54  Orbital Command  
  60  10:58  Supply Depot, Marine x2  
  62  11:09  Marine  
  62  11:10  Marine x2  
  62  11:11  Marine  
  62  11:12  Medivac x2  
  49  11:30  Marine  
  49  11:31  Marine x8  
  56  11:40  SCV  
  56  11:41  SCV  
  56  11:42  Medivac x2  
  62  11:53  SCV x2  
  64  12:05  SCV x2  
  64  12:07  Marine x4  
  70  12:15  Supply Depot, Medivac x2, Marine x2  
  76  12:17  SCV x2  
  76  12:19  Supply Depot  
  78  12:23  Supply Depot  
  57  12:38  Marine x8  
  65  12:45  Medivac  
  65  12:50  Marine x2  
  65  12:51  Marine  
  70  12:53  Medivac  
  70  12:54  SCV  
  70  12:56  Marine  
  73  13:00  Marine  
  73  13:09  Marauder  
  75  13:19  Marine x5  
  78  13:20  Marine x5  
  77  13:30  Marine  
  78  13:37  Marine x4  
  78  13:39  SCV x2  
  84  13:42  Supply Depot  
  84  13:43  Refinery  
  84  13:56  Marine x4  
  84  13:57  Marine x4  
  84  14:13  Marine x3  
  84  14:14  Marine x2  
Show
View Real Time Build Order
Export as new Build Order

Javert Zerg 

Build Orders: Hatch First, Muta Ling Bane 

Get SALT Encoding   

  12  0:01  Drone  
  13  0:14  Overlord  
  13  0:19  Drone  
  14  0:34  Drone x2  
  16  0:38  Drone  
  17  0:56  Hatchery  
  16  0:57  Drone  
  17  1:05  Drone  
  17  1:09  Extractor  
  17  1:12  Drone  
  18  1:32  Spawning Pool  
  17  1:34  Drone x2  
  19  1:42  Drone  
  20  1:58  Drone  
  21  2:04  Drone  
  21  2:07  Hatchery  
  21  2:21  Queen x2  
  25  2:26  Overlord  
  25  2:30  Zergling x2  
  26  2:39  Drone x2  
  28  2:51  Drone x4  
  32  3:02  Queen  
  32  3:03  Overlord  
  34  3:12  Drone x2  
  36  3:25  Lair  
  36  3:26  Drone x2  
  36  3:27  Drone x3  
  41  3:42  Queen  
  41  3:45  Zergling x10  
  48  3:51  Drone x2  
  48  3:54  Overlord x2  
  50  3:57  Extractor  
  50  3:58  Extractor  
  50  3:59  Extractor  
  50  4:01  Drone x3  
  50  4:08  Overlord  
  50  4:12  Overlord  
  50  4:25  Drone  
  50  4:26  Drone x4, Spire  
  54  4:43  Drone x8  
  62  4:54  Overlord  
  62  4:56  Overlord  
  62  4:59  Drone x4  
  66  5:07  Overlord  
  65  5:38  Mutalisk x8  
  70  6:02  Mutalisk x2  
  71  6:10  Drone  
  71  6:11  Drone x18  
  83  6:34  Mutalisk x2  
  87  6:48  Extractor  
  87  6:53  Extractor  
  83  7:01  Mutalisk  
  83  7:04  Zergling x2  
  83  7:05  Zergling x26  
  99  7:12  Zergling x2  
  99  7:13  Zergling x8  
  92  7:53  Drone x3  
  92  8:16  Mutalisk x7  
  102  8:33  Overlord x2  
  101  8:35  Metabolic Boost  
  101  8:37  Overlord x2  
  100  8:46  Overlord, Baneling Nest  
  99  9:00  Mutalisk x3  
  97  9:16  Drone x12  
  97  9:17  Drone x3  
  108  9:21  Zergling x2  
  108  9:22  Zergling x14  
  116  9:29  Centrifical Hooks  
  116  9:31  Evolution Chamber, Baneling  
  116  9:32  Evolution Chamber  
  116  9:33  Infestation Pit  
  116  9:35  Zergling x6  
  114  9:40  Baneling  
  114  9:41  Baneling x6  
  114  9:44  Drone x2  
  117  9:52  Zergling x2  
  117  9:53  Zergling x10  
  117  9:57  Overlord x2  
  122  10:05  Hatchery, Baneling, Extractor  
  122  10:06  Baneling x6  
  120  10:07  Zergling x4, Extractor  
  120  10:08  Zergling x12  
  113  10:26  Zergling x16  
  119  10:41  Mutalisk  
  119  10:42  Mutalisk x3  
  127  10:48  Baneling x4  
  125  10:51  Drone x4  
  88  11:25  Zergling x2  
  88  11:26  Zergling x30  
  98  11:35  Zergling x2  
  98  11:36  Zergling x2  
  98  11:38  Hive  
  98  11:44  Zergling x4  
  98  11:46  Zergling x2  
  97  11:51  Zerg Ground Armor Level 1, Zerg Melee Weapons Level 1  
  97  11:54  Zergling x2  
  97  11:55  Zergling x4  
  97  11:57  Zergling x6  
  103  12:01  Baneling  
  103  12:02  Baneling x14  
  103  12:03  Baneling x6  
  103  12:06  Drone x5  
  108  12:08  Spine Crawler  
  108  12:15  Mutalisk x5  
  109  12:20  Overseer  
  94  12:39  Zergling x6  
  94  12:40  Zergling x18  
  107  12:51  Zergling x2  
  107  12:52  Zergling x16  
  107  12:57  Ultralisk Cavern  
  114  13:02  Baneling  
  114  13:03  Baneling x5  
  114  13:04  Baneling  
  76  13:28  Zergling x18  
  83  13:39  Zergling x2  
  82  13:48  Ultralisk  
  87  13:53  Ultralisk x2  
  91  14:15  Extractor  
  91  14:16  Hatchery  
  93  14:19  Extractor  
  93  14:22  Spawning Pool  
Tags
 
Add a new tag
Caveats
  • Supply blocks, unpowered buildings, or Contaminate may cause inaccurate times.
  • Supply counts are checked every 10 seconds.